 Dungeon Crawl Stone Soup version 0.31-a0-237-g2d982f9f85 (webtiles) character file.

Game seed: 11614712453419496466

3151 qw the Skirmisher (level 9, -7/79 HPs)
             Began as a Minotaur Hexslinger on July 10, 2023.
             Killed from afar by a deep elf pyromancer (17 damage)
             ... with a bolt of fire
             ... on level 7 of the Dungeon.
             The game lasted 00:03:18 (6990 turns).

qw the Skirmisher (Minotaur Hexslinger)             Turns: 6990, Time: 00:03:19

Health: -7/79      AC:  7    Str: 12    XL:     9   Next: 62%
Magic:  9/9        EV: 14    Int: 10    God:
Gold:   267        SH:  0    Dex: 24    Spells: 9/10 levels left

rFire   . . .        Y - +2 sling (drain)
rCold   . . .        (no shield)
rNeg    . . .        b - +0 ring mail
rPois   .            k - +1 hat
rElec   .            g - +0 cloak
rCorr   .            (no gloves)
SInv    .            (no boots)
Will    .....        (no amulet)
Stlth   +            h - +6 ring of dexterity
HPRegen 0.33/turn    (no ring)
MPRegen 0.11/turn

%: no passive effects
@: no status effects
A: horns 2, retaliatory headbutt
a: no special abilities


You were on level 7 of the Dungeon.
You visited 2 branches of the dungeon, and saw 8 of its levels.
You also visited: Ossuary.

You collected 316 gold pieces.
You spent 49 gold pieces at shops.


Innate Abilities, Weirdness & Mutations

You have a pair of horns on your head.
You reflexively headbutt those who attack you in melee.


   Skills:
 + Level 7.0 Fighting
 - Level 12.1 Ranged Weapons
 - Level 3.3 Armour
 - Level 5.2 Dodging
 - Level 1.0 Spellcasting
 - Level 2.0 Hexes


You had 9 spell levels left.
You knew the following spells:

 Your Spells              Type           Power      Damage    Failure   Level
a - Slow                  Hex            16%        N/A       32%         1

Your spell library contained the following spells:

 Spells                   Type           Power      Damage    Failure   Level
 Inner Flame              Hex/Fire       2%         N/A       82%         3
 Portal Projectile        Hex/Tloc       4%         N/A       82%         3
 Cause Fear               Hex            2%         N/A       97%         4

Inventory:

Hand Weapons
 Y - a +2 sling of draining (weapon)
Armour
 b - a +0 ring mail (worn)
 g - a +0 cloak (worn)
 k - a +1 hat (worn)
Jewellery
 e - a ring of ice
 h - a +6 ring of dexterity (left hand)
Scrolls
 a - 3 scrolls of identify
Potions
 c - a potion of might
 d - a potion of cancellation
 f - 3 potions of curing
 i - a potion of heal wounds
 j - 2 potions of enlightenment
 m - a potion of mutation

Dungeon Overview and Level Annotations

Branches:
Dungeon (7/15)             Temple (1/1) D:6         Ossuary (visited)

Altars:
Cheibriados
Dithmenos
Elyvilon
Fedhas
Hepliaklqana
Kikubaaqudgha
Makhleb
Nemelex Xobeh
Qazlal
Ru
Sif Muna
Trog
Vehumet
Wu Jian
Xom
Zin

Shops:
D:4 [


Message History

The kobold demonologist casts a cantrip, but nothing happens.
You shoot a sling bullet. The sling bullet hits the shadow imp!
You kill the shadow imp!
The shadow imp disappears in a puff of smoke!
The deep elf pyromancer gestures wildly while chanting.
The deep elf pyromancer blinks!
You shoot a sling bullet.
The sling bullet hits the kobold demonologist!
You drain the kobold demonologist.
The kobold demonologist is moderately wounded.
The kobold demonologist hits you but does no damage.
You shoot a sling bullet.
The sling bullet hits the kobold demonologist!
The kobold demonologist is severely wounded.
The kobold demonologist hits you but does no damage.
The fire elemental closely misses you.
You shoot a sling bullet.
The sling bullet hits the kobold demonologist!
You drain the kobold demonologist.
You kill the kobold demonologist!
The hellwing disappears in a puff of smoke!
The fire elemental barely misses you.
Your Ranged Weapons skill increases to level 12!
You shoot a sling bullet.
The sling bullet barely misses the two-headed ogre.
The fire elemental completely misses you.
You furiously retaliate!
You headbutt the fire elemental.
The deep elf pyromancer gestures wildly while chanting.
The two-headed ogre closely misses you.
The two-headed ogre hits you with a +0 giant club!
You shoot a sling bullet.
The sling bullet closely misses the fire elemental.
The sling bullet misses the fire elemental.
The fire elemental hits you. The fire elemental burns you!
The deep elf pyromancer points at you and mumbles some strange words.
The bolt of fire hits the fire elemental.
The fire elemental completely resists.
The bolt of fire hits the fire elemental.
The fire elemental completely resists.
The bolt of fire hits you!
You die...

#%..#.#
#..<#.####.#
#..#........
##0e######.#
##..# ##0#
.#### #E#
....ยค.#E# #O@#
......#....#
.######.##....#
#.# ##.. ..#
.## #


You could see a two-headed ogre, a deep elf pyromancer and 2 fire elementals.

Vanquished Creatures
  A kobold demonologist (D:7)
  A wraith (D:5)
  A steam dragon (D:6)
  An acid dragon (D:7)
  A water moccasin (D:6)
  An orc warrior (D:6)
  2 ice beasts
  2 black bears
  3 ogres
  2 phantoms
  An elf zombie (Ossuary)
  Blork the orc (D:4)
  A bullfrog (D:7)
  3 scorpions
  6 electric eels (D:5)
  A howler monkey (D:5)
  A centaur zombie (Ossuary)
  3 human zombies (Ossuary)
  A jelly (D:4)
  2 orc priests
  4 hounds
  3 iguanas
  5 orc wizards
  4 hound zombies (Ossuary)
  3 mummies (Ossuary)
  Robin (D:2)
  7 gnolls
  7 adders
  2 white imps (D:5)
  3 ufetubi
  2 worms
  5 dart slugs
  14 orcs
  5 ball pythons
  5 bats
  10 endoplasms
  3 giant cockroaches
  14 goblins
  3 hobgoblins
  6 quokkas
  3 frilled lizards
  2 gnoll zombies (Ossuary)
  6 goblin zombies (Ossuary)
  2 hobgoblin zombies (Ossuary)
  3 jackal zombies (Ossuary)
  8 kobolds
  6 kobold zombies (Ossuary)
  An orc zombie (Ossuary)
  4 quokka zombies (Ossuary)
  6 rats
  2 rat zombies (Ossuary)
184 creatures vanquished.

Notes
Turn   | Place    | Note
-------+----------+-------------------------------------------
     0 | D:1      | qw the Minotaur Hexslinger began the quest for the Orb.
     0 | D:1      | Reached XP level 1. HP: 16/16 MP: 1/1
     0 | D:1      | 0 ||| qw: Version: 0.3-a-52-g30416fa
     0 | D:1      | 0 ||| qw: Game counter: 5053
     0 | D:1      | 0 ||| qw: Melee chars always use a shield: true
     0 | D:1      | 0 ||| qw: God list: Okawaru
     0 | D:1      | 0 ||| qw: Allow faded altars: false
     0 | D:1      | 0 ||| qw: Do Orc after clearing Dungeon:15 true
     0 | D:1      | 0 ||| qw: Do second Lair branch before Depths: true
     0 | D:1      | 0 ||| qw: Lair rune preference: random
     0 | D:1      | 0 ||| qw: Goals: Normal
     0 | D:1      | 0 ||| PLANNING D:1-11
   319 | D:1      | Reached skill level 3 in Ranged Weapons
   320 | D:1      | Reached XP level 2. HP: 23/23 MP: 2/2
   740 | D:1      | 740 ||| UPGRADING to +6 ring of dexterity.
   741 | D:1      | 741 ||| READING 2 scrolls labelled ZOUZAL ZYSETT.
   742 | D:1      | 742 ||| READING scroll labelled TOUDEMP UDIM.
   787 | D:1      | 787 ||| READING scroll labelled JOCSIE MORPH.
   788 | D:1      | 788 ||| DROPPING scroll of poison.
   958 | D:2      | Reached XP level 3. HP: 25/29 MP: 3/3
   960 | D:2      | 960 ||| FLEEEEING.
   961 | D:2      | 961 ||| FLEEEEING.
   962 | D:2      | 962 ||| FLEEEEING.
   968 | D:2      | 968 ||| FLEEEEING.
   992 | D:2      | Reached skill level 4 in Ranged Weapons
  1107 | D:2      | Reached XP level 4. HP: 36/36 MP: 4/4
  1114 | D:2      | Noticed Robin
  1120 | D:2      | Killed Robin
  1135 | D:2      | 1135 ||| SWAPPING to +2 sling of draining.
  1136 | D:2      | 1136 ||| DROPPING +1 sling.
  1463 | D:2      | 1463 ||| UPGRADING to +0 ring mail.
  1473 | D:2      | 1473 ||| DROPPING +0 robe.
  1474 | D:2      | 1474 ||| DRINKING 2 dark potions.
  1475 | D:2      | 1475 ||| READING 2 scrolls of identify.
  1475 | D:2      | 1475 ||| IDENTIFYING lumpy brown potion
  1657 | D:3      | Reached skill level 1 in Armour
  1665 | D:3      | Reached skill level 5 in Ranged Weapons
  1857 | D:3      | Reached XP level 5. HP: 42/42 MP: 5/5
  1930 | D:3      | Reached skill level 3 in Fighting
  2075 | D:3      | 2075 ||| READING scroll labelled LUMIJA PI RAS.
  2076 | D:3      | 2076 ||| READING scroll labelled QAGGYBAGHAIMA.
  2077 | D:3      | 2077 ||| DRINKING 2 ruby potions.
  2078 | D:3      | 2078 ||| READING 3 scrolls of identify.
  2078 | D:3      | 2078 ||| IDENTIFYING fizzy blue potion
  2079 | D:3      | 2079 ||| READING 2 scrolls of identify.
  2079 | D:3      | 2079 ||| IDENTIFYING fizzy inky potion
  2080 | D:3      | 2080 ||| DROPPING potion of berserk rage.
  2081 | D:3      | 2081 ||| DROPPING potion of ambrosia.
  2107 | D:4      | Found a shimmering altar of Xom.
  2110 | D:4      | Found a shimmering blue altar of Sif Muna.
  2110 | D:4      | Found a burning altar of Makhleb.
  2114 | D:4      | Noticed a black bear
  2120 | D:4      | Killed a black bear
  2121 | D:4      | Reached skill level 6 in Ranged Weapons
  2171 | D:4      | Found Eqoy's Armour Boutique.
  2180 | D:4      | 2180 ||| BUYING +0 cloak (49 gold).
  2180 | D:4      | Bought a +0 cloak for 49 gold pieces
  2180 | D:4      | 2180 ||| SHOPLISTING +0 ring mail of cold resistance (121
                  | gold, have 51).
  2180 | D:4      | 2180 ||| SHOPLISTING +1 leather armour of cold resistance
                  | (154 gold, have 51).
  2180 | D:4      | 2180 ||| SHOPLISTING +3 ring mail of poison resistance (253
                  | gold, have 51).
  2253 | D:4      | Noticed an ogre
  2257 | D:4      | Killed an ogre
  2258 | D:4      | Reached XP level 6. HP: 22/52 MP: 6/6
  2379 | D:4      | Noticed Blork the orc
  2381 | D:4      | 2381 ||| FLEEEEING.
  2390 | D:4      | Killed Blork the orc
  2475 | D:4      | Reached skill level 7 in Ranged Weapons
  2590 | D:4      | 2590 ||| Stepping ~*~*~tactically~*~*~ (outnumbered).
  2595 | D:4      | 2595 ||| FLEEEEING.
  2805 | D:4      | Reached skill level 3 in Dodging
  2805 | D:4      | Reached XP level 7. HP: 59/59 MP: 7/7
  2975 | D:4      | 2975 ||| UPGRADING to +0 cloak.
  2980 | D:4      | 2980 ||| DROPPING ring of wizardry.
  2981 | D:4      | 2981 ||| READING scroll labelled HEAQOD LEOFF.
  2982 | D:4      | 2982 ||| READING scroll labelled LOZI LONUAS.
  2983 | D:4      | 2983 ||| READING 2 scrolls of identify.
  2983 | D:4      | 2983 ||| IDENTIFYING silvery potion
  2984 | D:4      | 2984 ||| DROPPING potion of brilliance.
  3008 | D:5      | Entered Level 5 of the Dungeon
  3009 | D:5      | 3009 ||| PLANNING OSSUARY
  3067 | D:5      | Reached skill level 8 in Ranged Weapons
  3248 | D:5      | 3248 ||| Stepping ~*~*~tactically~*~*~ (outnumbered).
  3359 | D:5      | 3359 ||| Stepping ~*~*~tactically~*~*~ (outnumbered).
  3362 | D:5      | 3362 ||| DRINKING potion of curing.
  3362 | D:5      | 3362 ||| (to cure confusion)
  3493 | D:5      | Found a sand-covered staircase.
  3495 | D:5      | 3495 ||| READING scroll labelled GIYLUA JAEJIST.
  3520 | D:5      | Reached XP level 8. HP: 68/68 MP: 8/8
  3565 | Ossuary  | Entered an ossuary
  3683 | Ossuary  | Reached skill level 9 in Ranged Weapons
  3824 | Ossuary  | Reached skill level 6 in Fighting
  4194 | Ossuary  | 4194 ||| READING scroll labelled WEICRU ITESSOE.
  4195 | Ossuary  | 4195 ||| DRINKING 2 inky potions.
  4196 | Ossuary  | 4196 ||| READING 2 scrolls of identify.
  4196 | Ossuary  | 4196 ||| IDENTIFYING bubbling purple potion
  4207 | D:5      | 4207 ||| PLANNING D:1-11
  4623 | D:5      | 4623 ||| FLEEEEING.
  4660 | D:5      | 4660 ||| FLEEEEING.
  4685 | D:5      | 4685 ||| FLEEEEING.
  4686 | D:5      | 4686 ||| FLEEEEING.
  4727 | D:5      | 4727 ||| FLEEEEING.
  4768 | D:5      | 4768 ||| FLEEEEING.
  4795 | D:5      | Reached skill level 10 in Ranged Weapons
  4798 | D:5      | 4798 ||| FLEEEEING.
  4848 | D:5      | 4848 ||| FLEEEEING.
  4877 | D:5      | 4877 ||| FLEEEEING.
  4878 | D:5      | 4878 ||| FLEEEEING.
  4967 | D:5      | 4967 ||| READING scroll labelled GITEGG KU JOKH.
  4968 | D:5      | 4968 ||| FLEEEEING.
  5089 | D:5      | 5089 ||| FLEEEEING.
  5090 | D:5      | 5090 ||| FLEEEEING.
  5206 | D:5      | 5206 ||| FLEEEEING.
  5251 | D:5      | 5251 ||| FLEEEEING.
  5289 | D:5      | 5289 ||| FLEEEEING.
  5346 | D:5      | 5346 ||| FLEEEEING.
  5402 | D:5      | 5402 ||| FLEEEEING.
  5485 | D:5      | 5485 ||| FLEEEEING.
  5664 | D:6      | 5664 ||| FLEEEEING.
  5665 | D:6      | 5665 ||| FLEEEEING.
  5666 | D:6      | 5666 ||| FLEEEEING.
  5674 | D:6      | Reached XP level 9. HP: 73/79 MP: 9/9
  6216 | D:6      | Found a staircase to the Ecumenical Temple.
  6217 | D:6      | 6217 ||| PLANNING TEMPLE
  6217 | D:6      | 6217 ||| UPGRADING to +1 hat.
  6222 | D:6      | 6222 ||| DRINKING 2 clear potions.
  6223 | D:6      | 6223 ||| READING 4 scrolls of identify.
  6223 | D:6      | 6223 ||| IDENTIFYING sapphire potion
  6224 | D:6      | 6224 ||| DROPPING potion of invisibility.
  6235 | Temple   | Entered the Ecumenical Temple
  6488 | Temple   | 6488 ||| PLANNING D:1-11
  6532 | D:6      | Reached skill level 11 in Ranged Weapons
  6550 | D:6      | 6550 ||| Stepping ~*~*~tactically~*~*~ (cloud).
  6554 | D:6      | Reached skill level 3 in Armour
  6554 | D:6      | 6554 ||| Stepping ~*~*~tactically~*~*~ (cloud).
  6555 | D:6      | 6555 ||| Stepping ~*~*~tactically~*~*~ (cloud).
  6939 | D:6      | 6939 ||| READING 4 scrolls of identify.
  6939 | D:6      | 6939 ||| IDENTIFYING glowing inky potion
  6940 | D:6      | 6940 ||| DROPPING potion of lignification.
  6974 | D:7      | Noticed a kobold demonologist
  6975 | D:7      | Noticed a two-headed ogre
  6981 | D:7      | Noticed a hellwing
  6981 | D:7      | Noticed a deep elf pyromancer
  6988 | D:7      | Killed a kobold demonologist
  6989 | D:7      | Reached skill level 12 in Ranged Weapons
  6990 | D:7      | HP: 10/79 [fire elemental[a deep elf pyromancer] (13)]
  6990 | D:7      | Killed from afar by a deep elf pyromancer

Levels and vault maps discovered:
D:1:      shiori_arrival_elements, layout_basic, minmay_tromino_v2
D:2:      layout_loops_ring, uniq_robin
D:3:      layout_loops_cross, nrook_uturn
D:4:      layout_basic, grunt_temple_overflow_open, serial_shops, shop,
          chequers_garden, hex_large, uniq_blork_the_orc
D:5:      cheibrodos_two_vegetables, layout_cave_pools,
          chequers_ossuary_entry_cave, minmay_misc_feat_columns
D:6:      layout_basic, minmay_temple_entry_tees
D:7:      minmay_the_grid_octo_tiled_octocenter [minmay_the_grid_octo_toaster,
          minmay_the_grid_octo_thin_diamonds, minmay_the_grid_octo_chip,
          minmay_the_grid_octo_teeth, minmay_the_grid_octo_prize_single_spiral,
          minmay_the_grid_square_5x5_checkered_sparse,
          minmay_the_grid_square_5x5_almost_minimal,
          minmay_the_grid_square_5x5_doubleslash,
          minmay_the_grid_square_5x5_inner_z], layout_basic
Temple:   oiseaux_autumnal_temple

Skill      XL: |  1  2  3  4  5  6  7  8  9 |
---------------+----------------------------+-----
Ranged Weapons | 3 4 5 6 7 8 10 12 | 12.1
Fighting       | 2 4 5 7 |  7.0
Armour         | 1 2 3 |  3.3
Dodging        | 3 4 5 |  5.2
Spellcasting   | |  1.0
Hexes          | |  2.0

Action                     |  1- 3 |  4- 6 |  7- 9 || total
---------------------------+-------+-------+-------++-------
   Fire: Sling             |   109 |   138 |   425 ||   672
    Use: Scroll            |     3 |     5 |     9 ||    17
         Potion            |       |     2 |     3 ||     5
 Armour: Robe              |     1 |     1 |       ||     2
         Ring mail         |       |    17 |    97 ||   114
  Dodge: Dodged            |    27 |    17 |   134 ||   178

Table legend:
 A = Non-vault XP
 B = Vault XP
 C = Vault XP percentage of total XP
 D = Non-vault monster count
 E = Vault monster count
 F = Vault count percentage of total count
                 A         B        C        D         E       F
            +---------+---------+-------+---------+---------+-------
      Total |    2755 |    1747 |  38.8 |     122 |      62 |  33.7
            +---------+---------+-------+---------+---------+-------
        D:1 |      27 |       2 |   6.9 |      18 |       1 |   5.3
        D:2 |      77 |      29 |  27.4 |      27 |       9 |  25.0
        D:3 |      92 |       0 |   0.0 |      17 |       0 |   0.0
        D:4 |     520 |      90 |  14.8 |      19 |       1 |   5.0
        D:5 |     753 |     560 |  42.7 |      22 |       9 |  29.0
        D:6 |    1278 |       0 |   0.0 |      18 |       0 |   0.0
        D:7 |       8 |     628 |  98.7 |       1 |       4 |  80.0
    Ossuary |       0 |     438 | 100.0 |       0 |      38 | 100.0
            +---------+---------+-------+---------+---------+-------
